 Dungeon Crawl Stone Soup version 0.29.1-15-g9cfb28693d (webtiles) character file.

Game seed: 2169276499185783126

56 BabyfaceFinlayson the Stinger (level 4, -2/24 HPs)
             Began as a Kobold Venom Mage on Mar 30, 2023.
             Killed by divine providence
             ... invoked by an orc priest
              (8 damage)
             ... on level 2 of the Dungeon.
             The game lasted 00:05:30 (1818 turns).

BabyfaceFinlayson the Stinger (Kobold Venom Mage)   Turns: 1818, Time: 00:05:31

Health: -2/24      AC:  3    Str:  7    XL:     4   Next: 15%
Magic:  4/8        EV: 15    Int: 16    God:
Gold:   93         SH:  0    Dex: 15    Spells: 2/8 levels left

rFire   . . .      SeeInvis .   d - +0 dagger
rCold   . . .      Faith    .   (no shield)
rNeg    . . .      Spirit   .   a - +1 robe
rPois   .          Reflect  .   (no helmet)
rElec   .          Harm     .   (no cloak)
rCorr   .          Rampage  .   (no gloves)
Will    .....                   (no boots)
Stlth   +++.......              (no amulet)
HPRegen 0.08/turn               (no ring)
MPRegen 0.11/turn               (no ring)

@: brilliant, weak-willed, very slightly contaminated
A: small, no large weapons, nightstalker 3
a: no special abilities


You were on level 2 of the Dungeon.
You visited 1 branch of the dungeon, and saw 2 of its levels.

You collected 93 gold pieces.

Inventory:

Hand Weapons
 d - a +0 dagger (weapon)
Missiles
 i - 2 throwing nets
Armour
 a - a +1 robe (worn)
Jewellery
 c - a +4 ring of slaying
Scrolls
 h - a scroll of amnesia
Potions
 b - a potion of magic
 f - a potion of brilliance


   Skills:
 + Level 0.1 Fighting
 + Level 1.3 Short Blades
 + Level 2.5 Dodging
 + Level 3.1 Stealth
 + Level 2.7 Spellcasting
 + Level 1.2 Transmutations
 + Level 3.8 Poison Magic


You had 2 spell levels left.
You knew the following spells:

 Your Spells              Type           Power      Damage    Failure   Level
a - Sting                 Tmut/Pois      60%        1d6       7%          1
b - Poisonous Vapours     Pois/Air       24%        N/A       13%         2
c - Mephitic Cloud        Conj/Pois/Air  9%         N/A       34%         3

Your spell library contained the following spells:

 Spells                   Type           Power      Damage    Failure   Level
 Olgreb's Toxic Radiance  Pois           21%        N/A       36%         4


Dungeon Overview and Level Annotations

Branches:
Dungeon (2/15)

Altars:


Innate Abilities, Weirdness & Mutations

You are small and have problems with some larger weapons.
You are completely attuned to the shadows.


Message History

The orc priest misses you.
You closely miss the orc priest.
The orc priest is moderately wounded.
The orc priest misses you.
Unknown command.
Casting: Sting (safe; 7% risk of failure)
Confirm with . or Enter, or press ? or * to list all spells.
Aiming: Sting (safe; 7% risk of failure)
Press: ? - help, Shift-Dir - straight line, f/p - orc priest
Aim: an orc priest, wielding a +0 falchion and wearing a +0 leather armour (moderately wounded, very poisoned, 71% to hit)
You miscast Sting.
You are very lightly contaminated with residual magic.
Nothing appears to happen.
The orc priest closely misses you.
You closely miss the orc priest.
The orc priest is moderately wounded.
Casting: Sting (safe; 7% risk of failure)
Confirm with . or Enter, or press ? or * to list all spells.
Aiming: Sting (safe; 7% risk of failure)
Press: ? - help, Shift-Dir - straight line, f/p - orc priest
Aim: an orc priest, wielding a +0 falchion and wearing a +0 leather armour (moderately wounded, poisoned, 71% to hit)
The sting hits the orc priest but does no damage.
The orc priest looks even sicker.
The orc priest is moderately wounded.
The orc priest hits you with a +0 falchion.
The orc misses you.
As you read the scroll labelled NIYRHE WEOCY, it crumbles to dust.
Magic quickly surges around you.
It was a scroll of vulnerability.
The orc priest closely misses you. The orc hits you with a +0 club.
As you read the scroll labelled VOINOEN PEEQANN, it crumbles to dust.
It is a scroll of enchant armour.
Your +0 robe glows green for a moment.
The orc priest looks encouraged for a moment.
The orc hits you with a +0 club.
* * * LOW HITPOINT WARNING * * *
Okay, then.
It was a potion of brilliance.
You feel clever all of a sudden.
The orc priest invokes the aid of Beogh against you.
Beogh smites you!
You die...

.....#######
...).......#
......#†.#####.#
.8.8..##..# ##.##
..8.8.8.##..####.#.##
...8_8..##......###..
#.8.8.8..)....##.#.##
...8o8..#####.###.##
...o@...# #.###.#
...###..# #..(..# ##
#..#####.#####
.........# ######..#
### .###.# ... ..##.#
### ..o#.### ..o#...#


You could see an orc priest (very poisoned, weak-willed) and an orc
(weak-willed).

Vanquished Creatures
  2 adders (D:2)
  A dart slug (D:1)
  An orc (D:2)
  3 bats (D:1)
  3 endoplasms
  2 hobgoblins (D:1)
  3 kobolds
  3 quokkas
  6 ball pythons
  A frilled lizard (D:1)
  2 goblins
  6 rats
33 creatures vanquished.

Notes
Turn   | Place    | Note
-------+----------+-------------------------------------------
     0 | D:1      | BabyfaceFinlayson the Kobold Venom Mage began the quest for
                  | the Orb.
     0 | D:1      | Reached XP level 1. HP: 10/10 MP: 3/3
   177 | D:1      | Reached XP level 2. HP: 15/15 MP: 3/5
   680 | D:1      | Reached XP level 3. HP: 19/19 MP: 6/6
  1006 | D:1      | Learned a level 2 spell: Poisonous Vapours
  1010 | D:1      | Learned a level 3 spell: Mephitic Cloud
  1136 | D:2      | Reached skill level 1 in Short Blades
  1449 | D:2      | Reached XP level 4. HP: 24/24 MP: 7/7
  1800 | D:2      | Found a faded altar of an unknown god.
  1818 | D:2      | Killed from afar by an orc priest

Illustrated notes

Levels and vault maps discovered:
D:1:      minmay_arrival_up_and_down, layout_basic
D:2:      cheibrodos_pilgrimage, layout_loops_ring,
          chequers_ecumenical_altar_simple_redux

Skill      XL: |  1  2  3 |
---------------+----------+-----
Short Blades   | 1 |  1.3
Stealth        | 3 |  3.1
Fighting       | |  0.1
Dodging        | |  2.5
Spellcasting   | |  2.7
Transmutations | |  1.2
Poison Magic   | |  3.8

Action                   |  1- 3 |  4- 6 || total
-------------------------+-------+-------++-------
Melee: Unarmed           |     8 |       ||     8
       Dagger            |    29 |     9 ||    38
       Punch             |     1 |       ||     1
 Cast: Sting             |    23 |     9 ||    32
       Poisonous Vapours |     2 |     3 ||     5
       Mephitic Cloud    |       |     1 ||     1
  Use: Scroll            |     3 |     2 ||     5
       Potion            |       |     1 ||     1
 Stab: Sleeping          |     8 |       ||     8
       Confused          |       |     1 ||     1
Armor: Robe              |     6 |       ||     6
Dodge: Dodged            |    29 |    10 ||    39
